 Dungeon Crawl Stone Soup version 0.31-a0-647-g38d6a14cb1 (webtiles) character file.

Game seed: 16555777582405741509

63 AdnanSaban the Trooper (level 4, -7/29 HPs)
             Began as a Gargoyle Fighter on Aug 29, 2023.
             Killed by divine providence
             ... invoked by an orc priest
              (17 damage)
             ... on level 3 of the Dungeon.
             The game lasted 00:01:58 (2181 turns).

AdnanSaban the Trooper (Gargoyle Fighter)           Turns: 2181, Time: 00:01:59

Health: -7/29      AC: 10    Str: 21    XL:     4   Next: 10%
Magic:  4/4        EV:  9    Int:  9    God:
Gold:   145        SH:  4    Dex:  9    Spells: 3/3 levels left

rFire   . . .        a - +0 flail
rCold   . . .        c - +0 buckler
rNeg    + . .        b - +0 scale mail
rPois   ∞            (no helmet)
rElec   +            (no cloak)
rCorr   .            (no gloves)
SInv    .            (no boots)
Will    .....        (no amulet) Stlth
                     (no ring)
HPRegen 0.24/turn    (no ring)
MPRegen 0.09/turn

%: no passive effects
@: no status effects
A: sickness immunity, AC +3, negative energy resistance 1, electricity
resistance, torment resistance 1, petrification resistance
a: no special abilities


You were on level 3 of the Dungeon.
You visited 1 branch of the dungeon, and saw 4 of its levels.

You collected 145 gold pieces.

Inventory:

Hand Weapons
 a - a +0 flail (weapon)
Missiles
 r - 3 poisoned darts
Armour
 b - a +0 scale mail (worn)
 c - a +0 buckler (worn)
Jewellery
 h - a ring of ice
Scrolls
 e - 2 scrolls of blinking {unknown}
 g - a scroll of silence {unknown}
 j - 3 scrolls of teleportation {unknown}
 k - a scroll of fear {unknown}
 n - a scroll of amnesia {unknown}
 q - 2 scrolls of identify {unknown}
Potions
 d - a potion of might
 f - a potion of curing {unknown}
 i - 2 potions of mutation {unknown}
 l - a potion of magic {unknown}
 m - a potion of cancellation {unknown}
 o - a potion of enlightenment {unknown}
 p - 2 potions of brilliance {unknown}
 s - a potion of ambrosia {unknown}


   Skills:
 + Level 4.0 Fighting
 + Level 2.7 Maces & Flails
 + Level 4.0 Armour
 + Level 0.2 Dodging
 + Level 0.1 Stealth
 + Level 3.4 Shields


You had 3 spell levels left.
You didn't know any spells.
Your spell library contained the following spells:

 Spells                   Type           Power      Damage    Failure   Level
 Sting                    Tmut/Pois      0%         1d3       78%         1
 Poisonous Vapours        Pois/Air       0%         N/A       89%         2
 Olgreb's Toxic Radiance  Pois           0%         N/A       100%        4


Dungeon Overview and Level Annotations

Branches:
Dungeon (4/15)
 Temple: D:4-7

Altars:

Shops:
D:3 ?

Annotations:
D:3 1 runed translucent door, Crazy Yiuf


Innate Abilities, Weirdness & Mutations

You are immune to sickness and miasma.
Your stone body is resilient. (AC +3)
You are immune to poison.
You resist negative energy. (rN+)
You are resistant to electric shocks. (rElec)
You are resistant to unholy torment.
You are immune to petrification.


Message History

The gnoll barely misses you.
You climb upwards.
Level annotation: 1 runed translucent door, Crazy Yiuf
There is a stone staircase leading down here.
You completely miss the orc. The orc misses you.
You sock the orc!
You kill the orc!
No target in view!
You climb downwards.
The gnoll shouts!
There is a stone staircase leading up here.
The gnoll hits you from afar with a +0 spear.
The gnoll hits you from afar with a +0 spear.
The gnoll hits you from afar with a +0 spear.
The orc priest hits you but does no damage.
You climb upwards.
Level annotation: 1 runed translucent door, Crazy Yiuf
There is a stone staircase leading down here.
You barely miss the orc priest.
The orc priest hits you with a +0 dagger. x2
You are too injured to fight recklessly!
You are too injured to fight recklessly!
You are too injured to fight recklessly!
You closely miss the orc priest.
The orc priest hits you but does no damage.
You closely miss the orc priest.
The orc priest invokes the aid of Beogh against you.
Pain shoots through your body!
You hit the orc priest but do no damage.
The orc priest hits you but does no damage.
You block the orc priest's attack.
You barely miss the orc priest.
The orc priest hits you but does no damage.
You closely miss the orc priest.
The orc priest hits you but does no damage.
You closely miss the orc priest.
The orc priest mumbles some strange prayers to Beogh against you.
Beogh smites you!
Ouch! That really hurt!
You die...

##.# ##.##
#..############
#..# ##...#
#.## #..#
#....# #.# #..#
#....# ###
#..####....###
#.........#..#
#.........#..#
#########.o[.#
##.@## ####


You could see an orc priest.

Vanquished Creatures
  An adder (D:3)
  A worm (D:2)
  A dart slug (D:1)
  An orc (D:3)
  2 ball pythons
  5 endoplasms
  6 giant cockroaches
  6 goblins
  2 hobgoblins
  A quokka (D:1)
  A bat (D:3)
  A frilled lizard (D:3)
  9 kobolds
  8 rats
45 creatures vanquished.

Notes
Turn   | Place    | Note
-------+----------+-------------------------------------------
     0 | D:1      | AdnanSaban the Gargoyle Fighter began the quest for the
                  | Orb.
     0 | D:1      | Reached XP level 1. HP: 14/14 MP: 1/1
   111 | D:1      | Reached XP level 2. HP: 8/19 MP: 2/2
   639 | D:1      | Reached XP level 3. HP: 24/24 MP: 3/3
  1525 | D:3      | Found Pigepon's Magic Scroll Shoppe.
  1746 | D:3      | Found a runed translucent door.
  1747 | D:3      | Noticed Crazy Yiuf
  1831 | D:3      | Reached XP level 4. HP: 29/29 MP: 4/4
  2181 | D:3      | Killed from afar by an orc priest

Illustrated notes

Levels and vault maps discovered:
D:1:      dpeg_arrival_rooms_b, layout_basic, minmay_pentomino_u4
D:2:      layout_basic
D:3:      layout_basic, serial_shops, shop, guppyfry_early_lair_pool,
          uniq_crazy_yiuf_cottage
D:4:      layout_rooms, minmay_temple_entry_arrows, serial_shops,
          nicolae_shop_statue_plus

Skill      XL: |  1  2  3 |
---------------+----------+-----
Fighting       | 4 |  4.0
Armour         | 4 |  4.0
Maces & Flails | |  2.7
Dodging        | |  0.2
Stealth        | |  0.1
Shields        | |  3.4

Action                     |  1- 3 |  4- 6 || total
---------------------------+-------+-------++-------
  Melee: Flail             |   132 |    15 ||   147
 Armour: Scale mail        |    77 |     9 ||    86
  Dodge: Dodged            |    72 |     7 ||    79
  Block: Buckler           |    26 |     2 ||    28

Table legend: (Time is in decaauts)
 A = Elapsed time spent in this place.
 B = Non-inter-level travel time spent in this place.
 C = Inter-level travel time spent in this place.
 D = Time resting spent in this place.
 E = Time spent auto-exploring this place.
 F = Levels seen in this place.
 G = Mean time per level.
                   A        B        C        D        E       F      G
               +--------+--------+--------+--------+--------+-----+--------+
         Total |   2229 |   2208 |     21 |      0 |   1847 |   4 |  557.2 |
       Dungeon |   2229 |   2208 |     21 |      0 |   1847 |   4 |  557.2 |
               +--------+--------+--------+--------+--------+-----+--------+

Top non-repeatable levels by time:
     D:1: 1010 daAuts
     D:3: 679 daAuts
     D:2: 527 daAuts
     D:4: 11 daAuts
